 Dungeon Crawl Stone Soup version 0.17-a0-2073-gde5cdba (webtiles) character file.

1073 ololoev the Cleaver (level 8, -2/68 HPs)
             Began as a Hill Orc Fighter on Oct 15, 2015.
             Was a Follower of Makhleb.
             Slain by an orc warrior
             ... wielding a +0 scimitar
              (11 damage)
             ... on level 7 of the Dungeon.
             The game lasted 00:13:50 (2730 turns).

ololoev the Cleaver (Hill Orc Fighter)              Turns: 2730, Time: 00:13:50

Health: -2/68      AC:  8    Str: 21    XL:     8   Next: 29%
Magic:  11/11      EV:  9    Int:  8    God:    Makhleb [*.....]
Gold:   0          SH:  0    Dex: 10    Spells: 0 memorised, 7 levels left

rFire  . . .     SeeInvis .     d - +1 battleaxe (vamp)
rCold  . . .     Clarity  .     b - +1 scale mail
rNeg   . . .     SustAt   .     (no shield)
rPois  .         Gourm    .     (no helmet)
rElec  .         Spirit   .     (no cloak)
rCorr  .         Warding  .     (no gloves)
rMut   .         Stasis   .     (no boots)
MR     .....                    (no amulet)
Stlth  ..........               (no ring)
                                (no ring)

@: not resistant to hostile enchantments, extremely unstealthy
A: spit poison 1
a: Spit Poison, Renounce Religion


Innate Abilities, Weirdness & Mutations

You can spit weak poison.

Inventory:

Hand Weapons
 d - a +1 vampiric battleaxe (weapon)
Armour
 b - a +1 scale mail (worn)
Scrolls
 k - a scroll of teleportation
 m - 2 scrolls of remove curse
 n - 2 scrolls of fear
Comestibles
 c - 3 chunks of flesh
 e - 2 bread rations


   Skills:
 - Level 5.1 Fighting
 * Level 9.1 Axes
 + Level 6.1 Armour
   Level 3.2 Shields
 + Level 4.5 Invocations


You had 7 spell levels left.
You didn't know any spells.


You were on level 7 of the Dungeon.
You worshipped Makhleb.
Makhleb was aware of your devotion.
You were not hungry.

You visited 1 branch of the dungeon, and saw 8 of its levels.

#####. #.# #.
#.# .. #.# ##
#. #.# .. #.#
#.# .. ###..
#|# .. #....##
#.# ..
#...#####.#####
.#
#..oo@......# #
#:.####.###.#
#...# #.#
.o.......#
#.#...###.#
#.#.#.# #.# #
#.#.# #.# #.#..
.# #.##.#

Notes
Turn   | Place    | Note
--------------------------------------------------------------
     0 | D:1      | ololoev the Hill Orc Fighter began the quest for the Orb.
     0 | D:1      | Reached XP level 1. HP: 19/19 MP: 1/1
    98 | D:1      | Reached XP level 2. HP: 17/27 MP: 2/2
   191 | D:1      | Reached skill level 4 in Fighting
   318 | D:3      | Reached XP level 3. HP: 28/33 MP: 3/3
   374 | D:3      | Found a glowing silver altar of Zin.
   474 | D:4      | Reached XP level 4. HP: 37/41 MP: 4/4
   849 | D:4      | Reached XP level 5. HP: 29/47 MP: 5/5
   953 | D:4      | Reached skill level 5 in Axes
  1004 | D:5      | Entered Level 5 of the Dungeon
  1017 | D:5      | Reached skill level 5 in Fighting
  1064 | D:4      | Reached XP level 6. HP: 26/56 MP: 6/6
  1268 | D:5      | Found a burning altar of Makhleb.
  1275 | D:5      | Became a worshipper of Makhleb the Destroyer
  1365 | D:6      | Reached skill level 6 in Axes
  1365 | D:6      | Reached skill level 1 in Invocations
  1540 | D:6      | Reached skill level 5 in Armour
  1541 | D:6      | Reached XP level 7. HP: 27/61 MP: 8/8
  1638 | D:7      | Reached * piety under Makhleb
  1657 | D:7      | Reached skill level 7 in Axes
  1943 | D:8      | Noticed Maurice
  2421 | D:8      | Reached skill level 8 in Axes
  2425 | D:8      | Gained mutation: You can spit weak poison. [mutagenic meat]
  2460 | D:7      | Reached XP level 8. HP: 36/68 MP: 10/10
  2655 | D:8      | Reached skill level 9 in Axes
  2671 | D:8      | Identified a scroll of acquirement
  2730 | D:7      | Slain by an orc warrior

Dungeon Overview and Level Annotations

Branches:
Dungeon (8/15)
 Temple: D:4-7         Lair: D:8-11

Altars:
Makhleb
Zin

Annotations:
D:7 Maurice


Message History

Maurice hits you but does no damage.
Maurice gestures wildly while chanting.
Maurice seems to move somewhat quicker.
You closely miss Maurice.
Maurice is moderately wounded.
Maurice hits you with a short sword. Maurice groans, "What are you, a monk?"
Maurice gestures wildly while chanting.
Maurice looks slightly unstable.
You hear a shout!
You closely miss Maurice.
Maurice is moderately wounded.
You hear a shout! x3
Maurice says, "Killing adventurers and taking their stuff.
It's what I do."
Maurice hits you with a short sword. Maurice groans, "What are you, a monk?"
Maurice casts a spell.
Maurice blinks!
Use which ability?
Press: ? - help, Shift-Dir - straight line, f - you
Okay, then.
An orc warrior comes into view. It is wielding a scimitar.
Use which ability?
Press: ? - help, Shift-Dir - straight line, f - Maurice
Aim: Maurice, wielding a short sword, wearing a glowing leather armour and carrying a wand of cold {empty} (moderately wounded, covering ground quickly)
The splash of poison misses Maurice.
You feel slightly more hungry.
Maurice disappears!
An orc wizard comes into view. It is wielding a dagger.
You barely miss the orc warrior.
The orc warrior hits you with a scimitar!!
You closely miss the orc warrior.
You have got your breath back.
The orc warrior closely misses you.
You slash the orc warrior!
The orc warrior is severely wounded.
The orc warrior hits you with a scimitar!
You closely miss the orc warrior.
The orc warrior is severely wounded.
The orc warrior hits you with a scimitar!
You die...

You could see an orc warrior and an orc wizard.

Vanquished Creatures
  An ogre (D:6)
  An orc warrior (D:6)
  A necrophage (D:8)
  A sky beast (D:8)
  A black bear (D:8)
  A centaur (D:7)
  A giant frog (D:7)
  A water moccasin skeleton (D:4)
  A crimson imp (D:4)
  A jelly (D:7)
  A hound (D:5)
  An orc priest (D:8)
  A worker ant (D:4)
  2 iguanas
  2 orc wizards (D:8)
  4 gnolls
  9 adders
  A white imp (D:4)
  2 oozes (D:6)
  A worm (D:5)
  2 giant geckos (D:4)
  19 orcs
  5 bats
  A giant cockroach (D:1)
  6 hobgoblins
  2 giant newts (D:6)
  4 goblins
  5 jackals
  A quokka (D:5)
  A rat (D:1)
80 creatures vanquished.

Action                   |  1- 3 |  4- 6 |  7- 9 || total
-------------------------+-------+-------+-------++-------
Melee: War axe           |    74 |    95 |   122 ||   291
       Battleaxe         |       |       |    10 ||    10
 Abil: Spit Poison       |       |       |     8 ||     8
  Use: Potion            |     1 |     2 |     9 ||    12
       Scroll            |       |       |    10 ||    10
 Stab: Invisible         |       |       |     2 ||     2
  Eat: Chunk             |       |     2 |     6 ||     8
       Bread ration      |       |       |     1 ||     1

Vault maps used:
D:1:      dpeg_arrival_lava_temple_mockup, hangedman_decor_peaks_small
D:2:      nicolae_gozag_zags_fifth_avenue, ecumenical_altar_2, nrook_mini_vaults
D:3:      lemuel_doored_altar, first_bread
D:4:      minmay_fire_ice_demons, uniq_robin
D:5:      lemuel_round_altar
D:6:      lemuel_round_altar, nicolae_zen_rock_garden
D:7:      minmay_temple_entry_statues, grunt_ogre_cave
D:8:      uniq_erolcha, uniq_maurice
